 Dungeon Crawl Stone Soup version 0.21.1-1-g345015f (webtiles) character file.

47030 Megalobster the Grappler (level 14, -3/118 (119) HPs)
             Began as a Ghoul Monk on Feb 10, 2018.
             Was an Elder of Okawaru.
             Slain by a thrashing horror (7 damage)
             ... on level 2 of the Abyss.
             The game lasted 01:11:44 (16948 turns).

Megalobster the Grappler (Ghoul Monk)              Turns: 16948, Time: 01:11:44

HP:   -3/118 (119)  AC: 16    Str: 18 (20) XL:     14   Next: 40%
MP:   16/19         EV: 14    Int:  5      God:    Okawaru [****..]
Gold: 452           SH:  0    Dex:  9 (11) Spells: 13/13 levels left

rFire    + . .     SeeInvis +     - Unarmed
rCold    + + .     Gourm    .   (no shield)
rNeg     + + +     Faith    .   Y - +1 ring mail {rF+}
rPois    ∞         Spirit   .   s - +2 hat {SInv}
rElec    .         Reflect  .   a - +2 cloak {+Inv}
rCorr    +         Harm     .   (no gloves)
MR       +....                  P - +2 pair of boots
Stlth    +.........             (no amulet)
HPRegen  0.00/turn              w - ring of protection from cold
MPRegen  0.16/turn              j - ring of resist corrosion

@: finesse, very slightly contaminated, rotting
A: rotting body, claws 1, carnivore, cold resistance 1, negative energy
resistance 3, inhibited regeneration, torment resistance, unbreathing
a: Heroism, Renounce Religion, Evoke Invisibility


You were on level 2 of the Abyss.
You worshipped Okawaru.
Okawaru was greatly pleased with you.
You were not hungry.

You visited 2 branches of the dungeon, and saw 13 of its levels.
You visited the Abyss 1 time.
You also visited: Volcano.

You collected 858 gold pieces.
You spent 406 gold pieces at shops.

Inventory:

Hand Weapons
 b - a +0 blowgun
 p - a +1 quick blade of flaming
Missiles
 c - 4 silver javelins
 h - 290 stones
 o - a throwing net {!f}
 y - 5 curare-tipped needles {!f}
 C - 2 tomahawks (quivered)
 V - 10 poisoned needles
 W - 4 needles of sleeping {!f}
Armour
 a - a +2 cloak of invisibility (worn)
 s - a +2 hat of see invisible (worn)
 P - a +2 pair of boots (worn)
 Y - a +1 ring mail of fire resistance (worn)
Jewellery
 j - a ring of resist corrosion (right claw)
 r - an uncursed ring of magical power
 v - an uncursed ring of wizardry
 w - a ring of protection from cold (left claw)
Wands
 f - a wand of acid (7)
 k - a wand of flame (36)
 A - a wand of digging (4)
 X - a wand of paralysis (11)
Scrolls
 d - a scroll of enchant armour
 m - 5 scrolls of remove curse {@r2}
 n - 2 scrolls of enchant weapon
 u - a scroll of fog
 B - a scroll of random uselessness
 I - 2 scrolls of fear
 L - a scroll of amnesia
Potions
 e - 7 potions of curing {@q1}
 g - 2 potions of flight
 q - 2 potions of magic
 x - 2 potions of cancellation
 E - a potion of invisibility
 Q - a potion of might
Comestibles
 U - 23 rations


   Skills:
 + Level 9.9 Fighting
 * Level 10.0 Throwing
 + Level 7.7 Armour
 + Level 8.2 Dodging
 - Level 2.1 Stealth
 * Level 13.2 Unarmed Combat
 + Level 8.3 Invocations
 * Level 5.4 Evocations


You had 13 spell levels left.
You didn't know any spells.

Dungeon Overview and Level Annotations

Branches:
Dungeon (10/15)            Temple (0/1) D:6            Lair (3/6) D:10
 Shoals (0/4) Lair:3          Orc (0/2) D:10
  Snake: Lair:2-4    Spider: Lair:2-4

Altars:
Ashenzari
Makhleb
Okawaru
Sif Muna
The Shining One

Shops:
D:6 [(!

Annotations:
Lair:3 Sonja


Innate Abilities, Weirdness & Mutations

Your body is rotting away.
You thrive on raw meat.
You are immune to poison.
You have sharp fingernails.
You are carnivorous and can eat meat at any time.
Your flesh is cold resistant. (rC+)
You are immune to negative energy. (rN+++)
You do not regenerate when monsters are visible.
You are immune to unholy pain and torment.
You can survive without breathing.


Message History

The thrashing horror barely misses you.
The thrashing horror roars!
The thrashing horror tramples you but does no damage.
The thrashing horror closely misses you.
The iron imp grins evilly.
A large abomination comes into view.
The thrashing horror roars!
The thrashing horror barely misses you.
The thrashing horror tramples you but does no damage.
The thrashing horror tramples you.
* * * LOW HITPOINT WARNING * * *
You hold your ground!
The thrashing horror tramples you but does no damage.
You take 4 damage, and have 4/118 hp.
As you read the scroll of fear, it crumbles to dust.
You assume a fearsome visage.
The chaos spawn is unaffected.
The thrashing horror is unaffected. x2; The large abomination is unaffected.
The thrashing horror roars!
The thrashing horror tramples you!
You die...

####. #.§§####
....X######..## #.
#.#.#..##........
###.#.#.#.###..###
#.##.....4... ...#
#.##....#.# ##.#
#.#.#.#..# # .#
#.XX.##.# .
#.@#.5.#..
#.#..#..#.# ..#
.#####..# #.. ..#
#. ... ##. ..## .
.#. .. # #.


You could see 2 thrashing horrors, a large abomination and a chaos spawn.

Vanquished Creatures
  Gastronok (Lair:1)
  2 tentacled starspawn (Abyss:2)
  Fannar (Lair:1)
  A catoblepas (Lair:1)
  5 two-headed ogres
  2 skeletal warriors (Volcano)
  2 unseen horrors (D:6)
  The ghost of Frank the Carver, a novice OpFi of Trog (D:6)
  2 starcursed masses (Abyss:2)
  2 anaconda skeletons (Volcano)
  Maurice (D:8)
  A black mamba (Lair:3)
  Joseph (D:7)
  3 gargoyles (Volcano)
  4 spiny frogs
  2 rime drakes
  A hellion (Abyss:2)
  A komodo dragon (Lair:3)
  The ghost of myopia the Poker, an amateur NaFi of Cheibriados (D:4)
  A polar bear (Lair:3)
  A troll (D:10)
  A hornet (D:9)
  An ancient zyme (Abyss:2)
  A harpy skeleton (Volcano)
  3 blink frogs (Lair:1)
  3 hippogriffs
  3 flying skulls (Volcano)
  Sigmund (D:3)
  A vampire (D:10)
  15 yaks
  A basilisk (Lair:2)
  2 hungry ghosts
  9 water moccasins
  5 porcupines
  An orc warrior (D:10)
  5 black bears
  3 sky beasts
  An ice beast (D:6)
  2 phantoms
  A necrophage (D:8)
  6 ogres
  7 centaurs
  3 crocodiles (Lair:3)
  A big kobold (D:9)
  11 bullfrogs
  2 small abominations (Abyss:2)
  3 scorpions
  6 killer bees
  5 electric eels
  6 howler monkeys
  A troll skeleton (Volcano)
  4 crimson imps
  A quasit (Abyss:2)
  A bullfrog zombie (D:9)
  6 orc priests
  3 hounds
  5 jellies
  8 orc wizards
  3 iguanas
  10 worker ants
  A naga skeleton (Volcano)
  A hound zombie (D:10)
  2 hound skeletons
  18 adders
  4 gnolls
  3 shadow imps
  4 oozes
  An adder zombie (D:8)
  4 adder skeletons
  3 worms (D:2)
  A dart slug (D:1)
  5 leopard geckos
  35 orcs
  5 bats
  5 giant cockroaches
  8 goblins
  10 hobgoblins
  13 jackals
  6 quokkas
  A ball python (D:5)
  7 frilled lizards
  17 kobolds
  A leopard gecko skeleton (D:7)
  5 rats
  3 fungi
  A starspawn tentacle (Abyss:2)
351 creatures vanquished.

Vanquished Creatures (others)
  A quasit (Abyss:2)
  18 fungi
  4 plants (D:10)
  13 starspawn tentacles (Abyss:2)
36 creatures vanquished.

Grand Total: 387 creatures vanquished

Notes
Turn   | Place    | Note
-------+----------+-------------------------------------------
     0 | D:1      | Megalobster the Ghoul Monk began the quest for the Orb.
     0 | D:1      | Reached XP level 1. HP: 19/19 MP: 0/0
   155 | D:1      | Reached XP level 2. HP: 25/26 MP: 1/1
   620 | D:1      | Reached XP level 3. HP: 30/31 MP: 2/2
   952 | D:1      | Reached skill level 4 in Unarmed Combat
  1228 | D:2      | Reached skill level 1 in Armour
  1661 | D:2      | Reached XP level 4. HP: 32/40 MP: 3/3
  2388 | D:3      | Reached XP level 5. HP: 35/46 MP: 4/4
  2464 | D:3      | Found a shattered altar of Ashenzari.
  2560 | D:3      | Found a glowing golden altar of the Shining One.
  2561 | D:3      | Found a deep blue altar of Sif Muna.
  2564 | D:3      | Found an iron altar of Okawaru.
  2582 | D:3      | Became a worshipper of Warmaster Okawaru
  2582 | D:3      | Reached * piety under Okawaru
  2582 | D:3      | Reached ** piety under Okawaru
  2598 | D:3      | Noticed Sigmund
  2616 | D:3      | Killed Sigmund
  2616 | D:3      | Reached skill level 5 in Unarmed Combat
  2616 | D:3      | Reached skill level 1 in Invocations
  2616 | D:3      | Reached XP level 6. HP: 53/53 MP: 5/5
  3464 | D:4      | Noticed myopia's ghost (amateur NaFi)
  4013 | D:4      | Reached XP level 7. HP: 31/60 MP: 7/7
  4382 | D:4      | Killed myopia's ghost
  4382 | D:4      | Reached *** piety under Okawaru
  4382 | D:4      | Reached skill level 5 in Fighting
  4382 | D:4      | Reached skill level 6 in Unarmed Combat
  4684 | D:5      | Entered Level 5 of the Dungeon
  4961 | D:5      | Reached skill level 1 in Throwing
  4961 | D:5      | Reached XP level 8. HP: 60/66 MP: 7/9
  5432 | D:6      | Reached skill level 7 in Unarmed Combat
  5453 | D:6      | Found Guimigh's Antique Weapon Shoppe.
  5467 | D:6      | Found Qokh's Distillery.
  5472 | D:6      | Bought a potion of might for 56 gold pieces
  5472 | D:6      | Bought a potion of heal wounds for 70 gold pieces
  5538 | D:6      | Got a twisted robe
  5543 | D:6      | Found Vaim's Armour Shop.
  5548 | D:6      | Reached **** piety under Okawaru
  5590 | D:6      | Noticed Frank's ghost (novice OpFi)
  5609 | D:6      | Killed Frank's ghost
  5609 | D:6      | Reached XP level 9. HP: 50/75 MP: 8/10
  5659 | D:6      | Found a staircase to the Ecumenical Temple.
  5924 | D:6      | Killed an unseen horror
  5924 | D:6      | Reached ***** piety under Okawaru
  5924 | D:6      | Reached skill level 5 in Dodging
  5924 | D:6      | Reached skill level 8 in Unarmed Combat
  6173 | D:6      | Killed an unseen horror
  6173 | D:6      | Received a gift from Okawaru
  6366 | D:6      | Identified the +1 robe of Gravitas {rF- rC+++ Int-5 Dex+2} (You took it off a crimson imp on level 6 of the Dungeon)
  6366 | D:6      | Lost intelligence.
  6747 | D:6      | Reached XP level 10. HP: 58/84 MP: 12/12
  7060 | D:6      | Bought a potion of cancellation for 112 gold pieces
  7060 | D:6      | Bought a potion of flight for 42 gold pieces
  7060 | D:6      | Bought a potion of heal wounds for 70 gold pieces
  7060 | D:6      | Bought a potion of might for 56 gold pieces
  7324 | D:7      | Reached skill level 9 in Unarmed Combat
  7380 | D:7      | Reached skill level 5 in Throwing
  7421 | D:7      | Reached skill level 5 in Invocations
  7684 | D:7      | Noticed Joseph
  7703 | D:7      | Killed Joseph
  8269 | D:7      | Reached skill level 5 in Armour
  8450 | D:8      | Noticed a two-headed ogre
  8456 | D:8      | Killed a two-headed ogre
  8607 | D:8      | Noticed a two-headed ogre
  8613 | D:8      | Killed a two-headed ogre
  8613 | D:8      | Reached skill level 10 in Unarmed Combat
  8613 | D:8      | Reached XP level 11. HP: 82/92 MP: 14/14
  8949 | D:8      | Noticed Maurice
  8981 | D:8      | Killed Maurice
  9775 | D:9      | Found a burning altar of Makhleb.
 10074 | D:9      | Received a gift from Okawaru
 11079 | D:9      | Noticed a two-headed ogre
 11097 | D:9      | Killed a two-headed ogre
 11243 | D:10     | Entered Level 10 of the Dungeon
 11243 | D:10     | Found a glowing golden altar of the Shining One.
 11257 | D:10     | Found a staircase to the Orcish Mines.
 11408 | D:10     | Received a gift from Okawaru
 11422 | D:10     | Noticed a two-headed ogre
 11435 | D:10     | Killed a two-headed ogre
 11435 | D:10     | Reached skill level 11 in Unarmed Combat
 11774 | D:10     | Found a staircase to the Lair.
 12316 | D:10     | Noticed a two-headed ogre
 12329 | D:10     | Killed a two-headed ogre
 12329 | D:10     | Reached skill level 1 in Evocations
 12329 | D:10     | Reached XP level 12. HP: 77/103 MP: 16/16
 12492 | Lair:1   | Entered Level 1 of the Lair of Beasts
 12521 | Lair:1   | You fall through a shaft!
 12789 | Lair:1   | Noticed Gastronok
 12803 | Lair:1   | Killed Gastronok
 13047 | Lair:1   | Found a dark tunnel.
 13062 | Volcano  | Entered a volcano
 13133 | Volcano  | Received a gift from Okawaru
 13319 | Volcano  | Received a gift from Okawaru
 14028 | Lair:1   | Reached skill level 12 in Unarmed Combat
 14132 | Lair:1   | Noticed a catoblepas
 14136 | Lair:1   | Noticed Fannar
 14163 | Lair:1   | Killed a catoblepas
 14402 | Lair:1   | Killed Fannar
 14402 | Lair:1   | Reached XP level 13. HP: 107/111 MP: 17/17
 15340 | Lair:2   | Reached XP level 14. HP: 119/119 MP: 18/18
 15648 | Lair:3   | Found a staircase to the Shoals.
 15961 | Lair:3   | Noticed Sonja
 15964 | Lair:3   | Cast into level 2 of the Abyss (Sonja)
 15999 | Abyss:2  | Noticed a tentacled starspawn
 16012 | Abyss:2  | Killed a tentacled starspawn
 16012 | Abyss:2  | Reached skill level 13 in Unarmed Combat
 16012 | Abyss:2  | Reached skill level 5 in Evocations
 16033 | Abyss:2  | Noticed a tentacled starspawn
 16211 | Abyss:2  | Noticed a tentacled starspawn
 16214 | Abyss:2  | Noticed a tentacled starspawn
 16214 | Abyss:2  | Noticed a tentacled starspawn
 16220 | Abyss:2  | Found a corrupted altar of Lugonu.
 16255 | Abyss:2  | Noticed a starcursed mass
 16451 | Abyss:2  | Noticed a starcursed mass
 16478 | Abyss:2  | Received a gift from Okawaru
 16639 | Abyss:2  | Noticed a tentacled starspawn
 16912 | Abyss:2  | Noticed a tentacled starspawn
 16925 | Abyss:2  | Killed a tentacled starspawn
 16925 | Abyss:2  | Reached skill level 10 in Throwing
 16947 | Abyss:2  | HP: 4/118 [thrashing horror (4)]
 16948 | Abyss:2  | Slain by a thrashing horror

Skill      XL: |  1  2  3  4  5  6  7  8  9 10 11 12 13 14 |
---------------+-------------------------------------------+-----
Dodging        | 3 4 5 6 7 8 |  8.2
Unarmed Combat | 4 5 6 7 8 10 11 12 13 | 13.2
Armour         | 1 2 3 4 5 6 7 |  7.7
Fighting       | 4 5 6 7 8 9 |  9.9
Invocations    | 1 2 3 4 5 6 7 8 |  8.3
Throwing       | 1 3 4 6 7 8 9 10 | 10.0
Evocations     | 1 4 5 |  5.4
Stealth        | |  2.1

Action                   |  1- 3 |  4- 6 |  7- 9 | 10-12 | 13-15 || total
-------------------------+-------+-------+-------+-------+-------++-------
Melee: Unarmed           |   119 |   234 |   250 |   742 |   155 ||  1500
       Punch             |       |     4 |     7 |    33 |     6 ||    50
 Fire: Blowgun           |       |       |       |     8 |       ||     8
Throw: Stone             |     4 |       |     4 |   184 |    54 ||   246
       Tomahawk          |       |       |       |    20 |    11 ||    31
Invok: Heroism           |       |       |    10 |    33 |    12 ||    55
       Finesse           |       |       |       |     5 |     1 ||     6
Evoke: Wand              |       |       |       |     2 |     6 ||     8
  Use: Potion            |       |     2 |     2 |     4 |    12 ||    20
       Scroll            |       |       |     6 |     8 |    14 ||    28
 Stab: Sleeping          |     3 |     2 |       |       |     1 ||     6
       Petrified         |       |       |       |     3 |       ||     3
  Eat: Chunk             |     6 |    15 |    13 |    28 |     6 ||    68
       Ration            |       |     1 |       |       |     1 ||     2
Armor: Robe              |    15 |       |       |       |       ||    15
       Ring mail         |     1 |    88 |    54 |    18 |    88 ||   249
       Scale mail        |       |       |    77 |   220 |       ||   297
Dodge: Dodged            |    65 |   185 |   123 |   324 |   119 ||   816
